 Dungeon Crawl Stone Soup version 0.19-a0-1182-g094b998 (webtiles) character file.

70 GlassEater the Sneak (level 4, 0/27 HPs)
             Began as a Kobold Assassin on Aug 18, 2016.
             Slain by a goblin
             ... wielding a +0 club
             ... led by Robin
              (4 damage)
             ... on level 2 of the Dungeon.
             The game lasted 00:03:26 (1454 turns).

GlassEater the Sneak (Kobold Assassin)              Turns: 1454, Time: 00:03:26

Health: 0/27       AC:  3    Str:  9    XL:     4   Next: 45%
Magic:  4/4        EV: 15    Int:  9    God:
Gold:   107        SH:  0    Dex: 18    Spells: 0 memorised, 3 levels left

rFire  . . .     SeeInvis .     a - +2 dagger
rCold  . . .     Gourm    .     c - +0 robe
rNeg   . . .     Faith    .     (shield restricted)
rPois  .         Spirit   .     (no helmet)
rElec  .         Dismiss  .     d - +0 cloak
rCorr  .         Reflect  .     (no gloves)
MR     .....     Harm     .     (no boots)
Stlth  ++++......               (no amulet)
                                (no ring)
                                (no ring)

@: no status effects
A: carnivore 3
a: no special abilities


You were on level 2 of the Dungeon.
You were completely stuffed.

You visited 1 branch of the dungeon, and saw 2 of its levels.

You collected 107 gold pieces.

Inventory:

Hand Weapons
 a - a +2 dagger (weapon)
 b - a +0 blowgun
 t - a +0 dagger of holy wrath
Missiles
 e - 8 poisoned needles
 f - 2 curare-tipped needles
 u - 68 stones
 w - 4 steel tomahawks (quivered)
Armour
 c - a +0 robe (worn)
 d - a +0 cloak (worn)
Jewellery
 v - an uncursed ring of see invisible {unknown}
Scrolls
 h - a scroll of noise {unknown}
 i - 2 scrolls of enchant armour {unknown}
 l - 2 scrolls of identify {unknown}
 o - a scroll of fog {unknown}
 q - 2 scrolls of teleportation {unknown}
Potions
 j - a potion of haste
 k - 2 potions of heal wounds {unknown}
 s - a potion of curing {unknown}
Comestibles
 g - 3 meat rations
 m - a royal jelly
 p - a slice of pizza
 r - a beef jerky


   Skills:
 + Level 2.4 Fighting
 + Level 3.0 Short Blades
 + Level 2.2 Throwing
 + Level 1.9 Dodging
 + Level 7.2 Stealth


You had 3 spell levels left.
You didn't know any spells.

Dungeon Overview and Level Annotations

Branches:
Dungeon (2/15)

Altars:

Annotations:
D:2 Robin


Innate Abilities, Weirdness & Mutations

You are small and have problems with some larger weapons.
You are carnivorous and can eat meat at any time.


Message History

You hit Robin.
Robin is severely wounded.
Robin roars a battlecry!
Robin hits you with a club. The goblin hits you but does no damage.
The goblin barely misses you.
You hit Robin.
Robin is severely wounded.
Robin hits you with a club. The goblin hits you with a dagger.
The goblin hits you but does no damage.
You closely miss Robin.
Robin is severely wounded.
You hit the goblin.
You kill the goblin!
Robin hits you with a club.
* * * LOW HITPOINT WARNING * * *
The goblin closely misses you. Robin throws the goblin at you!
* * * LOW HITPOINT WARNING * * *
The goblin hits you but does no damage. The goblin hits you with a club.
You die... .ggg#

#.....##.## #.###. #g..
#.........#####.###.
#g.##.######............
#gg#..# #.######.###.
#...g### #.# #...####
#.#..gg# #.# ##.###... #
#.##g# ..# #......##
...##.####.## ##.#####
#.####g@....# ### ##
#g...### #.##.# ### .# .
##


You could see Robin, 2 hobgoblins and 3 goblins.

Vanquished Creatures
  A gnoll (D:1)
  An adder (D:2)
  2 dart slugs
  2 giant geckos (D:1)
  A ball python (D:1)
  A giant cockroach (D:1)
  10 goblins
  6 hobgoblins
  3 jackals (D:2)
  A quokka (D:2)
  3 bats
  3 giant newts (D:1)
  3 kobolds (D:1)
  7 rats
44 creatures vanquished.

Notes
Turn   | Place    | Note
-------+----------+-------------------------------------------
     0 | D:1      | GlassEater the Kobold Assassin began the quest for the Orb.
     0 | D:1      | Reached XP level 1. HP: 12/12 MP: 1/1
   104 | D:1      | Reached XP level 2. HP: 17/17 MP: 2/2
   175 | D:1      | Reached skill level 6 in Stealth
   310 | D:1      | Reached XP level 3. HP: 21/21 MP: 3/3
  1008 | D:2      | Reached skill level 7 in Stealth
  1022 | D:2      | Reached XP level 4. HP: 14/27 MP: 4/4
  1436 | D:2      | Noticed Robin
  1454 | D:2      | Slain by a goblin

Vault maps used:
D:1:      lightli_arrival_maybe_door_vault, serial_forest,
          infiniplex_forest_straight_3, infiniplex_forest_clump_curved,
          infiniplex_forest_clump_small, infiniplex_forest_lined_1,
          infiniplex_forest_corner_2, infiniplex_forest_clump_long,
          infiniplex_forest_lined_4_way, infiniplex_forest_clump_long,
          infiniplex_forest_clump_double
D:2:      lemuel_crystal_altar, grunt_temple_overflow_diamond, uniq_robin,
          uniq_iyjb

Skill      XL: |  1  2  3  4 |
---------------+-------------+-----
Stealth        | 6 7 |  7.2
Short Blades   | 3 |  3.0
Fighting       | |  2.4
Throwing       | |  2.2
Dodging        | |  1.9

Action                   |  1- 3 |  4- 6 || total
-------------------------+-------+-------++-------
Melee: Dagger            |    58 |    32 ||    90
Throw: Tomahawk          |     4 |     4 ||     8
       Stone             |       |     1 ||     1
 Stab: Sleeping          |    12 |     2 ||    14
  Eat: Chunk             |     9 |     1 ||    10
Armor: Robe              |     9 |     9 ||    18
Dodge: Dodged            |    27 |    17 ||    44
